 Dungeon Crawl Stone Soup version 0.23.2-40-g277498a001 (webtiles) character file.

Game seed: 1364293714414409440

2230 Gildeon the Ruffian (level 8, -1/61 HPs)
             Began as a Demigod Transmuter on Oct 11, 2019.
             Shot with a sling bullet by Joseph (4 damage)
             ... on level 7 of the Dungeon.
             The game lasted 00:23:36 (7701 turns).

Gildeon the Ruffian (Demigod Transmuter)            Turns: 7701, Time: 00:23:37

Health: -1/61      AC:  6    Str: 17    XL:     8   Next: 91%
Magic:  15/18      EV: 15    Int: 20    God:
Gold:   356        SH:  0    Dex: 16    Spells: 1/16 levels left

rFire    . . .     SeeInvis .     - Unarmed
rCold    . . .     Gourm    .   (no shield)
rNeg     . . .     Faith    .   b - +0 robe
rPois    .         Spirit   .   k - +0 helmet
rElec    .         Reflect  .   (no cloak)
rCorr    .         Harm     .   e - +2 pair of gloves
MR       .....                  (boots currently unavailable)
Stlth    +++.......             (no amulet)
HPRegen  0.20/turn              m - +3 ring of intelligence
MPRegen  0.16/turn              (no ring)

@: appendage (expiring), very slightly contaminated, studying Evocations
A: talons 3, high mp 1
a: End Transformation


You were on level 7 of the Dungeon.
You were not hungry.
You had grown temporary talons.
You visited 2 branches of the dungeon, and saw 8 of its levels.

You collected 356 gold pieces.

Inventory:

Hand Weapons
 s - a +0 shortbow
Missiles
 a - 60 arrows
 f - a throwing net (quivered)
Armour
 b - a +0 robe (worn)
 e - a +2 pair of gloves (worn)
 k - a +0 helmet (worn)
Jewellery
 m - a +3 ring of intelligence (left hand)
 q - an uncursed ring of ice
Wands
 h - a wand of acid (4)
 n - a wand of flame (9)
 r - a wand of digging (7)
Scrolls
 j - 2 scrolls of enchant weapon
 l - 2 scrolls of remove curse
 p - a scroll of teleportation
 v - a scroll of magic mapping {unknown}
 x - 2 scrolls of identify
Potions
 c - 3 potions of mutation
 g - a potion of flight
 o - a potion of resistance
 t - 2 potions of magic {unknown}
 w - 2 potions of agility {unknown}
Books
 u - a manual of Evocations
Comestibles
 d - 7 rations
 i - 4 chunks of flesh


   Skills:
 + Level 2.2 Fighting
 - Level 5.0 Dodging
 - Level 5.0 Stealth
 + Level 5.6 Unarmed Combat
 + Level 4.7 Spellcasting
 - Level 5.0 Transmutations
 + Level 0.5 Poison Magic
 + Level 1.1 Evocations


You had one spell level left.
You knew the following spells:

 Your Spells              Type           Power        Failure   Level  Hunger
a - Beastly Appendage     Tmut           ###...       1%          1    None
b - Sticks to Snakes      Tmut           ###.....     2%          2    #......
c - Spider Form           Tmut/Pois      ###.......   12%         3    ##.....
d - Ice Form              Ice/Tmut       ##......     38%         4    ####...
e - Blade Hands           Tmut           ###.......   38%         5    ######.

Your spell library contained the following spells:

 Spells                   Type           Power        Failure   Level  Hunger


Dungeon Overview and Level Annotations

Branches:
Dungeon (7/15)             Temple (1/1) D:4

Annotations:
D:7 Dowan, Joseph


Innate Abilities, Weirdness & Mutations

You have an increased reservoir of magic. (+10% MP)
You have claws for feet.


Message History

Joseph shoots a sling bullet.
The sling bullet hits you!
* * * LOW HITPOINT WARNING * * *
You see here a sling bullet.
Dowan, Brother of Duvessa comes into view.
He is wielding a +0 dagger.
You hear a zap.
You hear a grinding noise.
You swap places.
You hear a zap.
You hear a grinding noise.
Joseph shoots a sling bullet.
The sling bullet barely misses your adder.
The sling bullet barely misses you.
Your adder bites Joseph.
Your transformation is almost over.
Joseph shoots a sling bullet.
The sling bullet hits your adder!
Your adder dies!
Your adder barely misses Joseph.
Joseph shoots a sling bullet.
The sling bullet hits your ball python!!
Your ball python dies!
You hear a zap.
You hear a grinding noise.
Joseph shoots a sling bullet.
The sling bullet hits you.
You die...

###........(.†S†.......
#........e.###@........
#..........#.((...(@.##
#............##......#
#.....[(..S.###......#
##.........@####......#
###.............##.....[#
..............#..#......#
....#.........##@########
#.#.#.........##[....######
#.#)#.........######.##...#
#...##....(..## #..#...##
.)[####.....## ##......#
##.# ####### #..###.## #.#
#..# #..# #)#
######..####.## #(#
#..)(....###..#


You could see Joseph and a friendly adder.

Vanquished Creatures
  A hippogriff (D:5)
  An orc warrior (D:7)
  A sky beast (D:6)
  A centaur (D:5)
  3 ogres
  3 bullfrogs
  3 scorpions
  3 howler monkeys
  A centaur zombie (D:4)
  A bullfrog zombie (D:5)
  3 crimson imps
  A quasit (D:6)
  A centaur skeleton (D:4)
  5 orc priests
  2 hounds
  A jelly (D:5)
  A bullfrog skeleton (D:5)
  2 orc wizards
  An iguana (D:6)
  3 worker ants
  2 howler monkey zombies
  2 worker ant zombies
  Robin (D:4)
  10 adders
  2 shadow imps (D:6)
  2 adder skeletons
  2 adder zombies
  4 worms
  3 dart slugs
  7 leopard geckos
  22 orcs
  11 bats
  4 giant cockroaches
  12 goblins
  13 hobgoblins
  9 jackals
  3 quokkas (D:4)
  2 ball pythons
  8 frilled lizards
  A jackal skeleton (D:4)
  9 kobolds
  2 quokka skeletons (D:6)
  8 rats
177 creatures vanquished.

Vanquished Creatures (collateral kills)
  A water moccasin (D:5)
  An ogre (D:5)
  A dart slug (D:5)
3 creatures vanquished.

Grand Total: 180 creatures vanquished

Notes
Turn   | Place    | Note
-------+----------+-------------------------------------------
     0 | D:1      | Gildeon the Demigod Transmuter began the quest for the Orb.
     0 | D:1      | Reached XP level 1. HP: 15/15 MP: 5/5
    13 | D:1      | Reached skill level 1 in Fighting
   220 | D:1      | Reached XP level 2. HP: 23/23 MP: 5/7
   232 | D:1      | Learned a level 2 spell: Sticks to Snakes
   707 | D:1      | Reached skill level 1 in Stealth
   801 | D:1      | Reached XP level 3. HP: 27/28 MP: 8/8
  1274 | D:2      | Found a shadowy altar of Dithmenos.
  1310 | D:2      | Learned a level 3 spell: Spider Form
  1380 | D:2      | Reached XP level 4. HP: 23/35 MP: 7/10
  1540 | D:2      | Found a sparkling altar of Nemelex Xobeh.
  1675 | D:2      | Noticed a moth of wrath
  1678 | D:2      | Found a bloodstained altar of Trog.
  2456 | D:3      | Found an iron altar of Okawaru.
  2665 | D:4      | Found a staircase to the Ecumenical Temple.
  2668 | Temple   | Entered the Ecumenical Temple
  2737 | D:4      | Noticed Robin
  2779 | D:4      | Reached XP level 5. HP: 24/41 MP: 9/11
  2799 | D:4      | Killed Robin
  3626 | D:4      | Reached XP level 6. HP: 30/48 MP: 11/13
  3745 | D:4      | Learned a level 4 spell: Ice Form
  3790 | D:4      | Found an opulent altar of Gozag.
  4563 | D:5      | Entered Level 5 of the Dungeon
  4636 | D:5      | Reached XP level 7. HP: 23/55 MP: 13/15
  4741 | D:5      | Noticed a hippogriff
  4766 | D:5      | Killed a hippogriff
  5253 | D:5      | Found a sacrificial altar of Ru.
  5383 | D:5      | Found a bloodstained altar of Trog.
  5869 | D:5      | Reached XP level 8. HP: 50/61 MP: 17/17
  6315 | D:6      | Reached skill level 5 in Unarmed Combat
  6692 | D:6      | Learned a level 5 spell: Blade Hands
  6992 | D:6      | Found a snail-covered altar of Cheibriados.
  7432 | D:7      | Reached skill level 5 in Stealth
  7448 | D:7      | Reached skill level 5 in Dodging
  7448 | D:7      | Reached skill level 5 in Transmutations
  7671 | D:7      | Reached skill level 1 in Evocations
  7677 | D:7      | Noticed Joseph
  7690 | D:7      | HP: 1/61 [Joseph/sling bullet (10)]
  7691 | D:7      | Noticed Dowan
  7701 | D:7      | Shot with a sling bullet by Joseph

Skill      XL: |  1  2  3  4  5  6  7  8 |
---------------+-------------------------+-----
Fighting       | 1 2 |  2.2
Spellcasting   | 2 3 4 |  4.7
Transmutations | 2 3 4 5 |  5.0
Dodging        | 2 3 4 5 |  5.0
Stealth        | 1 2 3 4 5 |  5.0
Unarmed Combat | 3 4 5 |  5.6
Evocations     | 1 |  1.1
Poison Magic   | |  0.5

Action                   |  1- 3 |  4- 6 |  7- 9 || total
-------------------------+-------+-------+-------++-------
Melee: Unarmed           |   128 |   277 |   314 ||   719
       Headbutt          |    13 |    13 |       ||    26
       Kick              |     9 |    51 |    75 ||   135
       Punch             |     1 |     5 |     8 ||    14
 Cast: Beastly Appendage |    17 |    27 |    22 ||    66
       Sticks to Snakes  |       |       |    11 ||    11
  Use: Scroll            |     2 |     8 |     3 ||    13
       Potion            |       |     2 |     5 ||     7
 Stab: Sleeping          |     2 |     4 |     3 ||     9
       Distracted        |       |       |     1 ||     1
  Eat: Chunk             |     2 |     9 |     5 ||    16
       Ration            |       |     1 |     1 ||     2
Armor: Robe              |    38 |    58 |    63 ||   159
       Skin              |       |       |     7 ||     7
Dodge: Dodged            |   119 |   155 |   238 ||   512
